[Event "VII GM Barcelona CC 2022"]
[Site "Barcelona"]
[Date "2022.05.10"]
[Round "1.1"]
[White "Munoz, Miguel"]
[Black "Pajeken, Jakob Leon"]
[Result "1/2-1/2"]
[ECO "B51"]
[WhiteElo "2421"]
[BlackElo "2398"]
[Annotator "TA"]
[PlyCount "27"]
[EventDate "2022.05.10"]
[EventType "tourn"]
[EventCountry "ESP"]
[SourceTitle "playchess.com"]
[Source "ChessBase"]
[SourceQuality "1"]
[TimeControl "5400+30"]

1. e4 c5 2. Nf3 d6 3. Bb5+ Nd7 4. d4 cxd4 5. Qxd4 a6 6. Bxd7+ Bxd7 {[%emt 0:00:15] The position is equal.} 7. c4 {[%emt 0:00:14] B51: Sicilian: Moscow Variation (3 Bb5+) without 3...Bd7.} e5 8. Qd3 b5 9. Nc3 bxc4 10. Qxc4 {[%emt 0:00:07] [#]} Be6 $146 ({Predecessor:} 10... Qc8 11. Qd3 Qb7 12. O-O h6 13. Nd2 Be6 14. Nc4 Qc6 15. b3 Nf6 16. Ne3 Rc8 17. Bd2 Be7 18. Rac1 Qb7 19. Ncd5 O-O 20. Nxe7+ Qxe7 21. Rxc8 Rxc8 {½-½ (41) Carlsen,M (2863)-Svidler,P (2723) chess24.com INT 2020}) 11. Qc6+ {[%emt 0:08:56] 11.Qc6+ is better than 11.Qd3.} Bd7 12. Qc4 Be6 13. Qc6+ Bd7 14. Qc4 {[%emt 1:08:49] A rather calm draw.  Weighted Error Value: White=0.06 (flawless) /Black=0.00 (flawless)} 1/2-1/2

[Event "VII GM Barcelona CC 2022"]
[Site "Barcelona"]
[Date "2022.05.10"]
[Round "1.2"]
[White "Rodriguez Lopez, Rafael"]
[Black "Del Prado Rodriguez, Xulio"]
[Result "1/2-1/2"]
[ECO "B97"]
[WhiteElo "2176"]
[BlackElo "2326"]
[Annotator "TA"]
[PlyCount "38"]
[EventDate "2022.05.10"]
[EventType "tourn"]
[EventCountry "ESP"]
[SourceTitle "playchess.com"]
[Source "ChessBase"]
[SourceQuality "1"]
[TimeControl "5400+30"]

1. e4 c5 2. Nf3 d6 3. d4 cxd4 4. Nxd4 Nf6 5. Nc3 a6 6. Bg5 e6 7. f4 Qb6 8. Qd2 Qxb2 9. Rb1 Qa3 10. f5 Nc6 11. fxe6 fxe6 12. Nxc6 bxc6 13. Be2 Be7 14. O-O O-O 15. Rb3 Qc5+ 16. Be3 Qe5 17. Bf4 Qc5+ {[#]} 18. Be3 $146 ({Predecessor:} 18. Kh1 Ng4 19. h3 e5 20. Na4 Qa7 21. hxg4 exf4 22. Nb6 Be6 23. Nxa8 Bxb3 24. axb3 Qxa8 25. Ra1 Bf6 26. Rxa6 {1-0 (44) Ivanchuk,V (2748)-Grischuk,A (2756) Nice 2010}) 18... Qe5 19. Bf4 {B97: Sicilian Najdorf: Poisoned Pawn.} Qc5+ {An interesting draw.} 1/2-1/2

[Event "VII GM Barcelona CC 2022"]
[Site "Barcelona"]
[Date "2022.05.10"]
[Round "1.3"]
[White "Gines Esteo, Pedro Antonio"]
[Black "Roshka, Yevgeniy"]
[Result "0-1"]
[ECO "E90"]
[WhiteElo "2434"]
[BlackElo "2468"]
[Annotator "TA"]
[PlyCount "100"]
[EventDate "2022.05.10"]
[EventType "tourn"]
[EventCountry "ESP"]
[SourceTitle "playchess.com"]
[Source "ChessBase"]
[SourceQuality "1"]
[TimeControl "5400+30"]

1. d4 Nf6 2. c4 c5 3. d5 e6 4. Nc3 d6 5. e4 g6 6. Bd3 Bg7 7. h3 O-O 8. Nf3 Na6 9. O-O Nc7 10. Bg5 h6 11. Be3 exd5 12. exd5 (12. Nxd5 Nfxd5 13. cxd5 (13. exd5 b5 $11) 13... f5 $11) 12... b5 $1 {[%emt 0:00:27] E90: King's Indian: Classical: Early deviations and 6 h3.} 13. Qd2 bxc4 14. Bxc4 Kh7 {[%emt 0:00:11] The position is equal.} 15. Rfe1 Rb8 16. Bf4 Nh5 {[%emt 0:00:42] Threatens to win with ...Rb4.} 17. Bh2 f5 18. Re2 {[%emt 0:05:56] [#]} g5 $146 ({Predecessor:} 18... Rb4 19. b3 Qf6 20. Rae1 Qxc3 21. Qxc3 Bxc3 22. Re7+ Kg8 23. Rxc7 Bxe1 24. Bxd6 Re8 25. Bxc5 {1-0 (46) Suba,M (2500)-Marin,M (2515) Badalona 1993}) 19. Qc2 (19. Rae1 {seems wilder.} Rb4 20. b3 g4 21. hxg4 fxg4 22. Re6) 19... Kh8 20. Rae1 Nf6 21. Re6 Bxe6 $15 22. dxe6 Ng8 (22... Ne4 23. Nxe4 fxe4 24. Qxe4 $16) 23. Qd3 Rb6 (23... Rxb2 $2 24. Bxd6 Bd4 25. Bxf8 (25. Nxd4 Qxd6 26. Nxf5 Qxd3 $11) 25... Bxf2+ 26. Kf1 Qxd3+ 27. Bxd3 $16) 24. b4 $2 {[%emt 0:14:13] This costs White the game.} (24. Bb3 $15) 24... Rxb4 $19 25. Nd2 (25. e7 $142 Nxe7 26. Rxe7 Qxe7 27. Bxd6) 25... f4 26. a3 {[%emt 0:02:32] [#]} d5 $1 27. Ba2 (27. axb4 dxc4 28. Qc2 cxb4 $19) 27... Rd4 28. Qc2 c4 29. Bb1 Rd3 30. Nxd5 Qxd5 ({Worse is} 30... Nxd5 31. Nxc4 Nc3 32. Qxd3 Nxb1 33. Qxb1 $14) 31. Nxc4 {[%emt 0:00:01] [#]} Rd8 $1 32. Kh1 {[%emt 0:01:04] [#]} (32. e7 $142 Nxe7 33. Bxf4 (33. Qxd3 $2 {perishes.} Qxd3 34. Bxd3 Rxd3 $19) 33... gxf4 34. Qxd3 Qxd3 35. Bxd3 Rxd3 36. Rxe7) (32. Bxf4 gxf4) 32... Ne7 $1 33. Qxd3 Qxd3 {[%emt 0:00:03] Black is clearly winning.} 34. Bxd3 Rxd3 35. f3 Bc3 36. Re4 Bd4 37. Bg1 Bxg1 38. Kxg1 Kg7 39. h4 Kf6 40. Ne5 Rd1+ 41. Kh2 Ncd5 {[%emt 0:01:18] aiming for ...Ne3.} 42. hxg5+ hxg5 {[%emt 0:00:03] And now ...Ne3 would win.} 43. Ng4+ Kg6 44. Ra4 Nc6 45. Ra6 Nb6 46. Nf2 Rd6 47. a4 Rxe6 {[%emt 0:00:59] White must now prevent ...Nd7.} 48. a5 Nd7 49. Nd3 Ndb8 50. Nc5 Re3 {[%emt 0:00:07] Weighted Error Value: White=0.54/Black=0.16 (very precise)} 0-1

[Event "VII GM Barcelona CC 2022"]
[Site "Barcelona"]
[Date "2022.05.10"]
[Round "1.4"]
[White "Alvarez Albiol, Victor"]
[Black "Sosa, Tomas"]
[Result "1-0"]
[ECO "B51"]
[WhiteElo "2328"]
[BlackElo "2552"]
[Annotator "TA"]
[PlyCount "83"]
[EventDate "2022.05.10"]
[EventType "tourn"]
[EventCountry "ESP"]
[SourceTitle "playchess.com"]
[Source "ChessBase"]
[SourceQuality "1"]
[TimeControl "5400+30"]

1. e4 c5 2. Nf3 d6 3. Bb5+ Nd7 4. d4 cxd4 5. Qxd4 Ngf6 6. Bg5 e6 {[%emt 0:05:09] B51: Sicilian: Moscow Variation (3 Bb5+) without 3...Bd7.} 7. O-O (7. Nc3 $14) 7... Be7 8. c4 O-O {[%emt 0:00:51] The position is equal.} 9. Nc3 Qc7 10. Bxd7 Bxd7 11. Rac1 Rfd8 12. Rfd1 Be8 13. b3 a6 {[%emt 0:01:04] [#]} 14. Qd3 $146 ({Predecessor:} 14. Qd2 Kh8 15. Be3 Ng4 16. Bf4 Qc5 17. h3 Ne5 18. Nd4 Ng6 19. Be3 Qh5 20. f4 {1-0 (30) Smith,A (2235)-Brooke,J (2175) Manchester 1997}) 14... Rac8 15. a4 Qb6 16. Be3 Qa5 ({Don't play} 16... Qxb3 17. Nd2 Qb4 18. Rb1 $16) 17. Bd2 {[%emt 0:01:30][%cal Oc3d5] Black must now prevent Nd5!} Qh5 {[%emt 0:00:49] Prevents Nd5.} 18. h3 Nd7 19. Nd4 Bf6 {[%emt 0:04:36] And now ...Nc5 would win.} 20. Qe2 Qg6 21. Be1 Nc5 {[%emt 0:01:22] Threatens to win with ...Bxd4.} 22. Rb1 Be5 23. Qe3 h5 24. f4 Bf6 25. f5 Bg5 26. Qf3 Qh6 27. Kh1 h4 28. Qg4 Bd7 {[%emt 0:14:02] [#]} (28... b6 $14) 29. Nf3 (29. b4 $1 $16 exf5 30. exf5 (30. Nxf5 Bxf5 31. exf5 Nd7 $14) 30... Bxa4 31. bxc5 Bxd1 32. Nxd1) 29... Bf4 30. Bxh4 Nxe4 $2 {[%emt 0:04:02][%mdl 8192] This costs Black the game.} 31. Nxe4 $18 {[%emt 0:00:33][%cal Bc3e4,Be4f6,Bf6d5,Bd5e7][%mdl 32] White is clearly winning.} exf5 32. Nf6+ Kh8 33. Qh5 Bc6 34. Qxh6+ Bxh6 {A strong pair of Bishops.} 35. Nd5 Re8 36. Ne7 Bxf3 37. gxf3 Rc5 38. Rxd6 Re5 {[%emt 0:00:00] [#]} 39. Rxh6+ $1 gxh6 40. Bf6+ Kh7 41. Bxe5 {[%emt 0:00:00] Intending Bf6 and mate.} Rxe7 42. f4 {[%emt 0:02:30] Weighted Error Value: White=0.08 (flawless) /Black=0.38} 1-0

[Event "VII GM Barcelona CC 2022"]
[Site "Barcelona"]
[Date "2022.05.10"]
[Round "1.5"]
[White "Gonzalez Perez, Arian"]
[Black "Movsziszian, Karen"]
[Result "1/2-1/2"]
[ECO "B08"]
[WhiteElo "2415"]
[BlackElo "2467"]
[Annotator "TA"]
[PlyCount "32"]
[EventDate "2022.05.10"]
[EventType "tourn"]
[EventCountry "ESP"]
[SourceTitle "playchess.com"]
[Source "ChessBase"]
[SourceQuality "1"]
[TimeControl "5400+30"]

1. d4 d6 2. Nf3 g6 3. e4 Nf6 4. Nc3 Bg7 5. Be2 O-O 6. O-O Bg4 7. Be3 Nc6 8. d5 Bxf3 9. Bxf3 Ne5 10. Be2 c6 11. a4 Qa5 {[%emt 0:01:28] 11...Qa5 was played by the boomers.} 12. Ra3 Ned7 {[%emt 0:08:54] B08: Pirc Defence: Classical System.} 13. Qd2 Rfc8 14. Rb1 a6 {[%emt 1:21:46] [#]} 15. b4 $146 ({Predecessor:} 15. Qd1 Ne8 16. h4 cxd5 17. Nxd5 Qd8 18. Bg5 Nef6 19. h5 e6 20. Nxf6+ Bxf6 {½-½ (31) Hartl,H (2483)-Tasic,V (2574) LSS email 2010}) 15... Qc7 16. Rba1 ({Better is} 16. Bd4 $11) 16... Qd8 {[%emt 0:00:30] Black took control after the opening.  Weighted Error Value: White=0.24 (precise) /Black=0.02 (flawless)} (16... cxd5 $15 17. exd5 Ne5) 1/2-1/2

[Event "VII GM Barcelona CC 2022"]
[Site "Barcelona"]
[Date "2022.05.11"]
[Round "2.1"]
[White "Pajeken, Jakob Leon"]
[Black "Movsziszian, Karen"]
[Result "1-0"]
[ECO "B06"]
[WhiteElo "2398"]
[BlackElo "2467"]
[Annotator "TA"]
[PlyCount "93"]
[EventDate "2022.05.10"]
[EventType "tourn"]
[EventCountry "ESP"]
[SourceTitle "playchess.com"]
[Source "ChessBase"]
[SourceQuality "1"]
[TimeControl "5400+30"]

1. e4 d6 2. d4 g6 3. Nc3 Bg7 4. Be3 a6 5. h4 h5 6. Nf3 {[%emt 0:00:33] B06: Modern Defence.} Nf6 7. Ng5 Ng4 8. Bf4 {[%emt 0:00:11] White has an edge.} f6 {[%emt 0:07:13] [#]} 9. Nf3 $146 ({Predecessor:} 9. Nh3 Nc6 10. f3 Nh6 11. Qd2 e5 12. dxe5 dxe5 13. Bxh6 Rxh6 14. Qxd8+ Nxd8 15. Nd5 {1-0 (60) Maslova,P (1761)-Makeeva,T (1950) Togliatti 2012}) 9... e5 10. Bg3 Be6 11. dxe5 dxe5 12. Qxd8+ Kxd8 13. O-O-O+ Nd7 (13... Ke7 {keeps more tension.} 14. b3 Bh6+ 15. Kb2 Nd7) 14. Nd5 (14. Ne1 $11) 14... Re8 ({Black should play} 14... Bh6+ $17 15. Kb1 Bxd5 16. Rxd5 Ke7) 15. Bc4 b5 16. Bb3 Ra7 17. Rhe1 Kc8 18. Nd2 a5 {[%emt 0:04:20] Hoping for ...a4.} 19. Nc3 (19. f3 {[#]} a4 $1 20. fxg4 Bxg4 $15) (19. a4 {with more complications.} c6 20. f3 Bh6 21. fxg4 cxd5 22. g5) 19... c6 (19... Bxb3 $11 20. cxb3 Rb7) 20. f3 {[%emt 0:02:18] aiming for Bxe6.} Nh6 21. a4 b4 22. Ncb1 Bf8 23. Bxe6 {[%emt 0:04:58] White stays focused until the end.} Rxe6 24. Nc4 {[%emt 0:36:22] Against Nb6} Nf7 25. Nbd2 Nd6 (25... Kc7 $142) 26. Bf2 $16 Ra6 27. Nxd6+ Bxd6 28. Nc4 Bc7 29. Re2 {[%emt 0:03:21][%cal Be1e2,Be2d2,Bd2d7,Bd7h7][%mdl 32] 0x0.0021d71925f1dp-1022s more active pieces. The black rooks are badly placed.} Nf8 (29... f5 $16 {was called for.} 30. b3 Nf6) 30. Red2 Kb7 (30... Re8 $142 31. g4 c5 32. gxh5 (32. Bxc5 Rc6 $16) 32... gxh5) 31. Bc5 $18 Ra8 32. Bxf8 Rxf8 33. Rd7 {[%emt 0:00:08] Against Re7} f5 34. Rh7 Kb8 35. Rdd7 Rc8 {[%emt 0:00:00] [#]} 36. Nxa5 $1 fxe4 {[%emt 0:00:00] [#]} (36... Bxa5 $2 37. Rb7+ Ka8 38. Ra7+ Kb8 39. Rhb7#) (36... Rd6 37. Rxd6) 37. fxe4 Rf6 {[%emt 0:00:00] [#]} (37... Bxa5 $2 38. Rb7+ Ka8 39. Ra7+ Kb8 40. Rhb7#) (37... Rd6 38. Rxd6) 38. b3 $1 c5 {[%emt 0:00:00] [#]} (38... Bxa5 $2 39. Rb7+ Ka8 40. Ra7+ Kb8 41. Rhb7#) (38... Rd6 39. Rxd6) 39. Kb2 $1 Rd6 {[%emt 0:01:44] [#]} (39... Bxa5 $2 40. Rb7+ Ka8 41. Ra7+ Kb8 42. Rhb7#) (39... Rb6 40. Nc4) 40. Rde7 Rd2 (40... Bxa5 $2 {gets mated.} 41. Rb7+ Ka8 42. Ra7+ Kb8 43. Rhb7#) (40... Ra6 41. Nc4) 41. Nc6+ Kb7 42. Nxe5 Rxg2 43. Nc4 {[%emt 0:00:22] And now Nd6+ would win.} Kb8 44. e5 g5 45. Nd6 {[%emt 0:00:41] White mates.} Re2 46. hxg5 Rxe5 47. Nxc8 {[%emt 0:00:10] Weighted Error Value: White=0.09 (flawless) /Black=0.45} 1-0

[Event "VII GM Barcelona CC 2022"]
[Site "Barcelona"]
[Date "2022.05.11"]
[Round "2.2"]
[White "Sosa, Tomas"]
[Black "Gonzalez Perez, Arian"]
[Result "1/2-1/2"]
[ECO "B23"]
[WhiteElo "2552"]
[BlackElo "2415"]
[Annotator "TA"]
[PlyCount "100"]
[EventDate "2022.05.10"]
[EventType "tourn"]
[EventCountry "ESP"]
[SourceTitle "playchess.com"]
[Source "ChessBase"]
[SourceQuality "1"]
[TimeControl "5400+30"]

1. e4 c5 2. Nc3 Nc6 3. Bb5 e6 4. Bxc6 bxc6 5. d3 d5 6. Nf3 {[%emt 0:01:28] B23: Closed Sicilian: Lines without g3.} Nf6 7. O-O c4 {[%emt 0:10:45] [#]} (7... Be7 $11) 8. e5 $146 {[%emt 0:12:15] White is better.} ({Predecessor:} 8. Bg5 cxd3 9. cxd3 Be7 10. Qa4 Bd7 11. e5 c5 12. Qa3 a5 13. exf6 gxf6 14. Bf4 {1-0 (21) Hnydiuk,A (2355)-Umansky,V (2380) Poland 1998}) 8... Nd7 9. dxc4 Ba6 10. Bg5 Qc7 {[%emt 0:17:00] [#]} 11. cxd5 $1 cxd5 12. Re1 Bb4 {[%emt 0:00:22] [#]} 13. Re3 (13. Nxd5 $1 $16 exd5 14. c3) 13... O-O 14. Nd4 Rfc8 15. Qh5 Nf8 $2 {[%emt 0:17:20] [#]} (15... Bc5 $1 $11 16. Rh3 Nf8) 16. Rd1 (16. Bf6 $1 $18 ) 16... Rab8 {[%emt 0:03:21] [#]} (16... Bxc3 $16 17. bxc3 (17. Rxc3 Qxe5 18. Re3 Qd6 $14) 17... Rab8) 17. Rg3 $2 (17. Bf6 $1 $18 {[%cal Rf6g7][%mdl 512] Strongly threatening Bxg7!} Rb6 (17... Qd7 18. Bxg7) 18. Na4 (18. Bxg7 Kxg7 19. Na4 Rb7 $11)) 17... Qxe5 18. f4 $1 ({Wrong is} 18. Rf3 $2 f6 19. Qh3 fxg5 $19) 18... Qc7 {[%emt 0:05:32] Hoping for ...Bc5.} 19. Bf6 $1 Ng6 {[%emt 0:10:27] [#]} 20. f5 {[%emt 0:01:44] 0x0.000a7a3c28bedp-1022s more active pieces.} ({Not} 20. Be5 $2 Nxe5 21. Qxe5 Qxe5 22. fxe5 Bc5 $19) (20. Rh3 $1 $16 gxf6 21. Qxh7+ Kf8 22. f5) 20... gxf6 $11 21. Nxe6 (21. Rh3 $1 $11 Nf8 22. Qg4+ Kh8 23. Rg3) 21... fxe6 $19 22. fxg6 h6 23. g7 (23. Qxh6 {was necessary.} Qg7 24. Qh5) 23... Bxc3 24. bxc3 Qf4 25. Qh3 f5 {[%emt 0:00:50] And now ...Be2 would win.} 26. Rg6 Rb7 27. Rxh6 Rxg7 28. Rxe6 Bb7 {[%emt 0:00:38][%cal Od5d4] ...d4! is the strong threat.} 29. Rh6 $2 (29. Rde1 d4 30. Re8+ Rxe8 31. Rxe8+ Kf7 32. Qh5+ Kf6 33. Rf8+ Ke6 34. Qe8+ Re7 35. Qg6+ Kd7 36. Qxf5+ Qxf5 37. Rxf5 dxc3 38. Kf2) 29... Qg4 $2 (29... d4 30. Rh8+ Kf7) 30. Rh8+ Kf7 31. Qxg4 Rxg4 (31... fxg4 $2 {perishes.} 32. Rxc8 Bxc8 33. Rxd5 $19) 32. Rxc8 Bxc8 33. Rxd5 {[%emt 0:00:10][%mdl 4096] Endgame KRB-KR} Ra4 34. Rc5 Be6 35. h3 Rxa2 36. g4 $2 (36. Kf2) 36... fxg4 37. hxg4 Bxg4 38. Kf2 Bd1 39. Ke3 Bxc2 40. Kd4 a5 41. c4 Ke6 $2 (41... Ra3 $19 42. Rc7+ Ke6) 42. Re5+ $1 $11 {[%emt 0:02:10] The position is equal.} Kd6 {[%emt 0:00:01] Threatens to win with ...Bh7.} 43. Re2 $1 a4 44. Kc3 Bb3 45. Rxa2 {[%emt 0:00:08][%mdl 64] Remove Defender} Bxa2 {[%emt 0:00:02] KB-KP} 46. Kb2 Bb3 47. c5+ Kc6 48. Ka1 Bd5 49. Kb2 Kb5 50. c6 Bxc6 {[%emt 0:00:04] And White is the lucky defender.  Weighted Error Value: White=0.59/Black=0.60} 1/2-1/2

[Event "VII GM Barcelona CC 2022"]
[Site "Barcelona"]
[Date "2022.05.11"]
[Round "2.3"]
[White "Roshka, Yevgeniy"]
[Black "Alvarez Albiol, Victor"]
[Result "1/2-1/2"]
[ECO "E11"]
[WhiteElo "2468"]
[BlackElo "2328"]
[Annotator "TA"]
[PlyCount "54"]
[EventDate "2022.05.10"]
[EventType "tourn"]
[EventCountry "ESP"]
[SourceTitle "playchess.com"]
[Source "ChessBase"]
[SourceQuality "1"]
[TimeControl "5400+30"]

1. d4 Nf6 2. c4 e6 3. Nf3 d5 4. Nbd2 Bb4 5. Qa4+ Nc6 6. a3 Bxd2+ 7. Bxd2 {[%emt 0:00:17] E11: Bogo-Indian.} O-O 8. Rc1 {[%emt 0:05:03] [#]} Bd7 $146 ({Predecessor:} 8... Ne4 9. Be3 Re8 10. Rd1 Ne7 11. g3 Bd7 12. Qc2 Bc6 13. Bg2 dxc4 14. Ne5 Nd6 15. Bxc6 Nxc6 16. Nxc4 Nxc4 17. Qxc4 {½-½ (31) Muhvic,D (2236)-Cucancic,S (2248) Kastav 1999}) 9. Qc2 {[%emt 0:01:51] White is slightly better.} Ne4 10. Bf4 (10. e3 $14) 10... g5 $11 11. Be3 f5 $1 12. Rd1 $2 (12. g4 $11 {and White is okay.}) 12... f4 $19 13. Bc1 g4 14. Nd2 (14. Ne5 {might work better.} Nxe5 15. dxe5) 14... Nxd4 {[%emt 0:09:58][%cal Rd4c2] [#] Pair of Knights!} 15. Qd3 c5 16. Nxe4 dxe4 17. Qxe4 Bc6 18. Qd3 Ba4 19. Rd2 (19. e3 $142 Bc2 20. Qe2 Nxe2 21. Rxd8 Raxd8 22. Bxe2) 19... Nc2+ $2 20. Rxc2 $17 {[%emt 0:00:02] [#] Threatens to win with b3.} Qxd3 21. exd3 Bxc2 22. h3 g3 23. fxg3 fxg3 ({Black should try} 23... Rad8 $17 24. Bxf4 Bxd3 25. Bxd3 Rxd3) 24. Be3 b6 25. Be2 Rad8 26. Kd2 Ba4 27. h4 Rf7 $1 {[%emt 0:03:55] Weighted Error Value: White=0.46/Black=0.42} 1/2-1/2

[Event "VII GM Barcelona CC 2022"]
[Site "Barcelona"]
[Date "2022.05.11"]
[Round "2.4"]
[White "Del Prado Rodriguez, Xulio"]
[Black "Gines Esteo, Pedro Antonio"]
[Result "0-1"]
[ECO "C01"]
[WhiteElo "2326"]
[BlackElo "2434"]
[Annotator "TA"]
[PlyCount "66"]
[EventDate "2022.05.10"]
[EventType "tourn"]
[EventCountry "ESP"]
[SourceTitle "playchess.com"]
[Source "ChessBase"]
[SourceQuality "1"]
[TimeControl "5400+30"]

1. d4 e6 2. c4 b6 3. e4 Bb4+ 4. Bd2 Bxd2+ 5. Qxd2 d5 6. cxd5 {[%emt 0:13:16] C01: French: Exchange Variation.} exd5 7. exd5 Ne7 8. Bb5+ {[%emt 0:02:06] White has an edge.} Nd7 9. Nf3 O-O 10. O-O Bb7 11. d6 cxd6 12. Qf4 Nf6 13. Nc3 {[%emt 0:00:44] [#]} Ned5 $146 (13... Ng6 $5 14. Qe3 a6 $15) ({Predecessor:} 13... Ng6 14. Qg3 Nh5 15. Qg5 Bxf3 16. Qxd8 Rfxd8 17. gxf3 Nh4 18. Kh1 Nf4 19. Ne2 Nxe2 20. Bxe2 {0-1 (71) Barrish,D (2263)-Kovacevic,B (2505) Schwarzach 2018}) 14. Nxd5 Nxd5 15. Qg4 Qf6 16. Rac1 Nf4 $1 17. Rc7 Bd5 18. Bc6 Be6 19. Qg5 Rac8 20. Qxf6 gxf6 21. Rxc8 Rxc8 22. Be4 Bxa2 23. g3 Bd5 24. Nd2 {[%emt 0:00:59] [#]} ({White should try} 24. Bxd5 Nxd5 25. Nh4) 24... Ne2+ (24... f5 $142 $1 25. Bf3 Bxf3 26. Nxf3 Nd3) 25. Kg2 $17 Rc2 $1 26. Rd1 {[%emt 0:00:56] [#]} Rxb2 $1 {[%emt 0:00:24] Hoping for ...Nc3. Black is more active.} 27. Bxd5 {[%emt 0:00:34] Black must now prevent Ne4.} Nc3 28. Bxf7+ Kxf7 $19 29. Rc1 Rxd2 30. Rxc3 $17 {[%emt 0:00:02] [#] KR-KR} Re2 $1 ({Stronger than} 30... Rxd4 31. Rc7+ Ke6 32. Rxa7 $15) 31. Rc6 (31. Kf1 $142 Re7 32. Rb3) 31... b5 $19 32. Rxd6 $2 (32. Kf1 Re7 33. Rc8) 32... b4 {[%emt 0:01:02] aiming for ...b3.} 33. Rd8 Re8 {[%emt 0:00:50] Weighted Error Value: White=0.48/Black=0.03 (flawless)} 0-1

[Event "VII GM Barcelona CC 2022"]
[Site "Barcelona"]
[Date "2022.05.11"]
[Round "2.5"]
[White "Munoz, Miguel"]
[Black "Rodriguez Lopez, Rafael"]
[Result "1/2-1/2"]
[ECO "B51"]
[WhiteElo "2421"]
[BlackElo "2176"]
[Annotator "TA"]
[PlyCount "65"]
[EventDate "2022.05.10"]
[EventType "tourn"]
[EventCountry "ESP"]
[SourceTitle "playchess.com"]
[Source "ChessBase"]
[SourceQuality "1"]
[TimeControl "5400+30"]

1. e4 c5 2. Nf3 d6 3. Bb5+ Nd7 4. d4 cxd4 5. Qxd4 a6 6. Bxd7+ Bxd7 7. c4 {[%emt 0:00:12] 7.Nc3 is the fancy move. B51: Sicilian: Moscow Variation (3 Bb5+) without 3...Bd7.} e5 8. Qd3 Rc8 9. Nc3 {[%emt 0:00:32][%cal Bb1c3,Bc3d5,Bd5e3,Be3c4][%mdl 32] Prevents b5. White is slightly better. 9.0-0 is vanishing.} Qc7 10. b3 b5 11. Nd5 Qc6 12. Nd2 Nf6 13. Ne3 {[%emt 0:02:48] [#]} Be7 $146 ({Predecessor:} 13... bxc4 14. bxc4 Be7 15. O-O O-O 16. Ba3 Rfd8 17. Rfc1 Qa4 18. Qb3 {½-½ (18) Karavade,E (2399)-Ioannidis,E (2339) Veliko Gradiste 2018}) 14. O-O O-O 15. a4 bxc4 16. Nexc4 Be6 17. Re1 (17. Ba3 $5 ) 17... Rfd8 18. Ba3 Qb7 19. Rac1 Bf8 20. Na5 (20. Nxd6 $2 Bxd6 21. Rxc8 (21. Bxd6 $2 Rc6 $19) 21... Qxc8 $19) 20... Qb6 21. Ndc4 Qa7 22. Rcd1 Qc7 {[%emt 0:03:48] And now ...d5 would win.} (22... Bxc4 23. Nxc4 Qb7 24. a5 $11 (24. Nxd6 $2 Bxd6 25. Bxd6 Rc6 $19)) 23. Qe3 (23. Qg3 $15) 23... d5 $17 24. exd5 {[%emt 0:02:50][%cal Be4d5,Bd5e6,Be6f7][%mdl 32] Threatens to win with d6.} Bxa3 25. dxe6 {[%emt 0:03:20] [#]} Bb4 $1 26. exf7+ {[%emt 0:00:10] [#]} (26. Nxe5 $2 Bxe1 27. exf7+ Kf8 28. Rxe1 (28. Rxd8+ $2 Rxd8 29. Nac4 Bc3 $19) 28... Qxa5 $19) (26. Qxe5 $2 Qxe5 27. Nxe5 Bxa5 28. Nxf7 (28. exf7+ $2 Kf8 $19) 28... Rxd1 29. Rxd1 Rc6 $19) 26... Kf8 $1 27. Qb6 ({Don't blunder} 27. Nxe5 $2 Bxe1 28. Rxe1 (28. Rxd8+ $2 Rxd8 29. Nac4 Bc3 $19) 28... Qxa5 $19) (27. Rxd8+ $2 Rxd8 28. Rf1 (28. Nxe5 $2 Bxe1 29. Nac4 Bc3 $19) 28... Bxa5 29. Nxe5 Qc3 $19) 27... Qxb6 28. Nxb6 {[%emt 0:00:11] Pair of Knights!} Bxe1 29. Rxe1 Rc2 ({Black should try} 29... Rc7 $17 30. Nac4 Re7) 30. Nbc4 $1 $15 Re2 31. Rc1 $11 Rc2 32. Re1 Re2 {[%emt 0:00:29][%cal Re2e1][%mdl 1024] Black has compensation.} 33. Rc1 {[%emt 0:37:18] Weighted Error Value: White=0.06 (flawless) /Black=0.07 (flawless)} 1/2-1/2